 Dungeon Crawl Stone Soup version 0.27.1 (webtiles) character file.

Game seed: 760554457458086513

166 Malachi the Vandal (level 5, -6/39 HPs)
             Began as a Demonspawn Hunter on Aug 25, 2021.
             Mangled by a gnoll (13 damage)
             ... on level 3 of the Dungeon.
             The game lasted 00:02:25 (2057 turns).

Malachi the Vandal (Demonspawn Hunter)              Turns: 2057, Time: 00:02:26

Health: -6/39      AC:  3    Str: 12    XL:     5   Next: 22%
Magic:  5/5        EV: 11    Int: 14    God:
Gold:   81         SH:  0    Dex: 15    Spells: 4/4 levels left

rFire    . . .     SeeInvis .   a - +2 hunting sling
rCold    . . .     Faith    .   (no shield)
rNeg     . . .     Spirit   .   c - +0 leather armour
rPois    .         Reflect  .   (no helmet)
rElec    .         Harm     .   (no cloak)
rCorr    .         Rampage  .   (no gloves)
Will     .....                  (no boots)
Stlth    ++........             (no amulet)
HPRegen  0.13/turn              (no ring)
MPRegen  0.09/turn              (no ring)

@: no status effects
A: claws 1, foul stench 1, big brain 1
a: no special abilities


You were on level 3 of the Dungeon.
You visited 1 branch of the dungeon, and saw 3 of its levels.

You collected 81 gold pieces.

Inventory:

Hand Weapons
 a - a +2 hunting sling (weapon)
 b - a +0 short sword
Missiles
 d - 6 sling bullets (quivered ammo)
 f - 54 stones (quivered)
Armour
 c - a +0 leather armour (worn)
Jewellery
 o - a +4 ring of protection
Scrolls
 h - a scroll of enchant weapon
 m - a scroll of identify {unknown}
 n - a scroll of noise {unknown}
Potions
 e - a potion of attraction {unknown}
 j - a potion of ambrosia {unknown}
 l - a potion of flight {unknown}


   Skills:
 + Level 2.5 Fighting
 + Level 5.6 Slings
 + Level 0.7 Armour
 + Level 1.8 Dodging
 + Level 1.0 Stealth


You had 4 spell levels left.
You didn't know any spells.
Your spell library was empty.

Dungeon Overview and Level Annotations

Branches:
Dungeon (3/15)

Altars:


Innate Abilities, Weirdness & Mutations

You have sharp fingernails.
You may rarely emit foul miasma when damaged in melee.
You have an unusually large brain. (Int +2)


Message History

You hear the slow rusting of a very distant drain.
The gnoll hits you with a +0 whip.
Found a war axe.
An adder comes into view.
A quokka comes into view.
An orc comes into view. It is wielding a +0 trident.
An endoplasm comes into view.
The orc shouts!
The endoplasm quivers.
An orc comes into view. It is wielding a +0 short sword.
An orc comes into view. It is wielding a +0 whip.
The endoplasm moves out of view.
The gnoll closely misses you. The quokka closely misses you.
The quokka bites you.
You emit a cloud of foul miasma!
The quokka is engulfed in dark miasma.
The quokka is poisoned.
You kill the quokka!
A hobgoblin comes into view.
The hobgoblin shouts!
An orc opens the door.
The orc shouts! x3; You hear an angry hiss.
Found a dagger.
As you open the large door, it creaks loudly!
The hobgoblin barely misses you.
Really attack while wielding your +2 hunting sling? [Y]es or [N]o only, please.
Really attack while wielding your +2 hunting sling? [Y]es or [N]o only, please.
Really attack while wielding your +2 hunting sling?
Okay, then.
The hobgoblin misses you.
Okay, then.
Okay, then.
The hobgoblin barely misses you.
The gnoll hits you from afar with a +0 halberd.
The orc barely misses you.
The gnoll hits you from afar with a +0 halberd!
* * * LOW HITPOINT WARNING * * *
The gnoll hits you from afar with a +0 halberd!
You die...

*,,,,,##.####.......##.###,,,,,
*,,,,,,,.###........'....,,,,,,
*****,*#............##....,,,,,
*,*#.........g..#*.o...,,,,
***,..............#*.....,,,,
*,,,..............##.....,,,,
*,,,.....#+..og...''.....,,,,
*,,,..............##.....,,,,
*,,,,.......@o.o..#***###,,,,
*****####....gog### *,***
#.......# *,* #.......# *,*
#.......# *,* #...)...# *,*
#.......# *,*** #.......# *,,,,
********* *****


You could see 3 gnolls, 4 orcs and a hobgoblin.

Vanquished Creatures
  Jessica (D:2)
  Natasha (thrice) (D:2)
  An adder (D:2)
  2 worms (D:2)
  A dart slug (D:1)
  6 bats
  4 endoplasms
  2 giant cockroaches
  6 hobgoblins
  3 quokkas
  5 ball pythons
  2 frilled lizards (D:1)
  8 goblins
  2 kobolds
  4 rats
50 creatures vanquished.

Notes
Turn   | Place    | Note
-------+----------+-------------------------------------------
     0 | D:1      | Malachi the Demonspawn Hunter began the quest for the Orb.
     0 | D:1      | Reached XP level 1. HP: 16/16 MP: 1/1
   189 | D:1      | Gained mutation: You have sharp fingernails. [demonic
                  | ancestry]
   189 | D:1      | Reached XP level 2. HP: 19/22 MP: 2/2
   193 | D:1      | Reached skill level 4 in Slings
   664 | D:1      | Gained mutation: You may rarely emit foul miasma when
                  | damaged in melee. [demonic ancestry]
   664 | D:1      | Reached XP level 3. HP: 27/27 MP: 3/3
  1157 | D:2      | Reached skill level 1 in Stealth
  1291 | D:2      | Noticed Natasha
  1295 | D:2      | Killed Natasha
  1296 | D:2      | Reached skill level 5 in Slings
  1296 | D:2      | Gained mutation: You have an unusually large brain. (Int
                  | +2) [demonic ancestry]
  1296 | D:2      | Reached XP level 4. HP: 33/33 MP: 4/4
  1312 | D:2      | Noticed Jessica
  1317 | D:2      | Killed Jessica
  1439 | D:2      | Found a faded altar of an unknown god.
  1673 | D:2      | Noticed Natasha
  1681 | D:2      | Killed Natasha
  1682 | D:2      | Reached XP level 5. HP: 34/39 MP: 5/5
  1799 | D:2      | Noticed Natasha
  1815 | D:2      | Killed Natasha
  2057 | D:3      | Mangled by a gnoll

Illustrated notes

Levels and vault maps discovered:
D:1:      dpeg_arrival_subterranean_lakeside_camping, layout_loops_ring
D:2:      layout_basic, basic_ecumenical_altar, grunt_decor_junction,
          uniq_natasha, uniq_jessica
D:3:      layout_basic, gup_sewer_entry_bowl, uniq_terence, uniq_robin,
          uniq_crazy_yiuf_cottage

Skill      XL: |  1  2  3 |
---------------+----------+-----
Slings         | 4 5 |  5.6
Stealth        | 1 |  1.0
Fighting       | |  2.5
Armour         | |  0.7
Dodging        | |  1.8

Action                   |  1- 3 |  4- 6 || total
-------------------------+-------+-------++-------
 Fire: Hunting sling     |   105 |    39 ||   144
  Use: Scroll            |       |     4 ||     4
Armor: Leather armour    |    11 |     2 ||    13
Dodge: Dodged            |    18 |    14 ||    32
